 Dungeon Crawl Stone Soup version 0.29-a0-722-g64f5989226 (webtiles) character file.

Game seed: 878669717811621231

5449 Querens the Protected (level 11, 0/95 HPs)
             Began as a Meteoran Fighter on June 28, 2022.
             Was an Elder of Okawaru.
             Slain by a red ugly thing (23 damage)
             ... on level 9 of the Dungeon.
             The game lasted 00:22:06 (5151 turns).

Querens the Protected (Meteoran Fighter)            Turns: 5151, Time: 00:22:07

Health: 0/95       AC: 21    Str: 28    XL:     11   Next: 19%
Magic:  15/16      EV: 10    Int: 11    God:    Okawaru [****..]
Gold:   86         SH:  8    Dex: 16    Spells: 10/10 levels left

rFire   . . .      SeeInvis +   a - +0 war axe
rCold   . . .      Faith    +   c - +0 buckler
rNeg    + + .      Spirit   .   G - +0 plate armour
rPois   .          Reflect  .   v - +0 helmet
rElec   .          Harm     .   r - +0 cloak
rCorr   .          Rampage  .   (no gloves)
Will    +....                   u - +0 pair of boots
Stlth   ..........              D - amulet of Bampot {Faith rN++ Dex+3}
HPRegen 0.25/turn               f - +6 ring of strength
MPRegen 0.15/turn               F - ring of see invisible

@: lethally poisoned (0 -> -19), heroic, glowing
A: sense surroundings 2, otherworldly, glowing, explore regen
a: Renounce Religion, Heroism, Finesse


You were on level 9 of the Dungeon.
You worshipped Okawaru.
Okawaru was greatly pleased with you.
You visited 2 branches of the dungeon, and saw 10 of its levels.
You also visited: Sewer.

You collected 433 gold pieces.
You spent 347 gold pieces at shops.

Inventory:

Hand Weapons
 a - a +0 war axe (weapon)
 M - a +3 scimitar of flaming
Armour
 c - a +0 buckler (worn)
 r - a +0 cloak (worn)
 u - a +0 pair of boots (worn)
 v - a +0 helmet (worn)
 G - a +0 plate armour (worn)
Jewellery
 f - a +6 ring of strength (left hand)
 g - a ring of wizardry
 i - a +6 ring of strength
 D - the amulet of Bampot (around neck) {Faith rN++ Dex+3}
   (You found it on level 5 of the Dungeon)

   [amulet of faith]

   It allows you to gain divine favour quickly.
   Dex:       It affects your dexterity (+3).
   rN:        It greatly protects you from negative energy.
 F - a ring of see invisible (right hand)
Wands
 j - a wand of polymorph (4)
 w - a wand of flame (16)
 y - a wand of paralysis (8)
 J - a wand of mindburst (12)
 L - a wand of quicksilver (5)
Scrolls
 h - 3 scrolls of fear
 k - a scroll of brand weapon {unknown}
 l - 3 scrolls of immolation
 m - 2 scrolls of summoning {unknown}
 p - 7 scrolls of teleportation
 q - 2 scrolls of amnesia {unknown}
 A - a scroll of vulnerability {unknown}
 B - a scroll of enchant armour {unknown}
 C - 2 scrolls of blinking
 K - a scroll of poison
 N - 2 scrolls of identify
Potions
 b - a potion of haste
 d - 4 potions of might
 e - 2 potions of lignification
 n - a potion of cancellation
 o - a potion of invisibility {unknown}
 s - 5 potions of curing
 t - 3 potions of brilliance
 x - 2 potions of flight
 z - a potion of heal wounds
 E - a potion of magic
 H - a potion of attraction {unknown}
 I - a potion of degeneration {unknown}


   Skills:
 + Level 8.7(13.7) Fighting
 + Level 9.2(14.2) Axes
 + Level 9.6(14.6) Armour
 + Level 9.5(14.5) Shields
 + Level 6.6 Invocations


You had 10 spell levels left.
You didn't know any spells.
Your spell library contained the following spells:

 Spells                   Type           Power      Damage    Failure   Level
 Apportation              Tloc           0%         N/A       94%         1
 Freeze                   Ice            0%         1d3       94%         1
 Necrotize                Necr           0%         1d4       94%         1
 Shock                    Conj/Air       0%         1d3       94%         1
 Sting                    Tmut/Pois      0%         1d3       94%         1
 Poisonous Vapours        Pois/Air       0%         N/A       98%         2
 Sublimation of Blood     Necr           0%         N/A       98%         2
 Frozen Ramparts          Ice            0%         1d2       100%        3
 Vampiric Draining        Necr           0%         2d6       100%        3
 Hailstorm                Conj/Ice       0%         3d3       100%        4
 Olgreb's Toxic Radiance  Pois           0%         N/A       100%        4
 Borgnjor's Vile Clutch   Necr/Erth      0%         N/A       100%        5
 Freezing Cloud           Conj/Ice/Air   0%         6-21      100%        5
 Summon Small Mammal      Summ           Unusable   N/A       N/A         1
 Animate Dead             Necr           Unusable   N/A       N/A         4
 Death Channel            Necr           Unusable   N/A       N/A         6

Dungeon Overview and Level Annotations

Branches:
Dungeon (9/15) Zot: 445    Temple (1/1) D:4 Zot: 490   Sewer (visited)
   Lair: D:8-11         Orc: D:9-12

Altars:
Ashenzari
Cheibriados
Dithmenos
Gozag
Hepliaklqana
Kikubaaqudgha
Makhleb
Nemelex Xobeh
Okawaru
Qazlal
Ru
Sif Muna
Trog
Uskayaw
Vehumet
Wu Jian
Xom
Zin
The Shining One

Shops:
D:1 *   D:5 [!   D:8 ?

Annotations:
D:7 1 runed translucent door, raistware's ghost, novice HuCj
D:9 Maurice


Innate Abilities, Weirdness & Mutations

You passively map the area around you.
You are easily found by Zot.
You glow in the dark.
You regain HP and MP as you explore.


Message History

Unknown command.
Unknown command.
You barely miss the red ugly thing.
The red ugly thing is almost dead.
The kobold throws a poisoned dart.
The poisoned dart barely misses you.
The red ugly thing claws you but does no damage.
Unknown command.
Unknown command.
You hit the red ugly thing.
The red ugly thing is almost dead.
The kobold throws a poisoned dart.
The poisoned dart barely misses you. The red ugly thing claws you.
* * * LOW HITPOINT WARNING * * *
You are engulfed in flames!!
* * * LOW HITPOINT WARNING * * *
Unknown command.
Unknown command.
You feel much better.
The kobold throws a poisoned dart.
The poisoned dart hits you!
You are poisoned.
The kobold brigand throws a poisoned dart.
The poisoned dart hits you.
You are more poisoned.
You block the red ugly thing's attack.
Unknown command.
You barely miss the red ugly thing.
The red ugly thing is almost dead.
You feel very sick.
The kobold throws a poisoned dart.
The poisoned dart hits you!
You are more poisoned.
Unknown command.
Unknown command.
You hit the red ugly thing but do no damage.
The red ugly thing is almost dead.
You barely miss the kobold brigand.
You feel very sick. The red ugly thing claws you.
* * * LOW HITPOINT WARNING * * *
You are engulfed in flames!!
You die...

..# *** * ,, ,
..# * * * ,.
..# ,* * . ,
..#, .##. ..#
,* #####....
..# , #..K.....
..######
#..K.....
.......#
#.K...# ,
..##...#
#@##..#.. ..#
...# #.u......*
.)# ####
#.###.... ..#
###'###,*#. ..#
##.....## ..#
#.......# , ..#
###.......#., *
###
#.'..._...'...*
###
#.#.......#...*


You could see a red ugly thing, a kobold brigand and 2 kobolds.

Vanquished Creatures
  Erica (D:9)
  A komodo dragon (D:6)
  A hornet (D:8)
  A wyvern (D:7)
  A wraith (D:8)
  An acid dragon (D:9)
  2 water moccasins
  2 orc warriors
  A black bear (D:6)
  A sky beast (D:6)
  An ogre (D:4)
  3 centaurs
  A phantom (D:6)
  A kobold brigand (D:7)
  A necrophage (D:5)
  7 bullfrogs
  2 scorpions
  13 wights
  18 killer bees (D:8)
  2 electric eels (D:3)
  2 howler monkeys
  4 hounds
  2 orc priests (D:6)
  A jelly (D:5)
  2 iguanas
  A gnoll shaman (D:8)
  2 orc wizards
  Robin (D:3)
  9 gnolls
  9 adders
  A river rat (D:6)
  2 ufetubi
  2 worms
  5 dart slugs
  20 orcs
  13 ball pythons
  4 bats
  16 endoplasms
  15 giant cockroaches
  9 goblins
  8 hobgoblins
  17 quokkas
  9 frilled lizards
  19 kobolds
  9 rats
243 creatures vanquished.

Vanquished Creatures (others)
  A plant (D:3)
1 creature vanquished.

Grand Total: 244 creatures vanquished

Notes
Turn   | Place    | Note
-------+----------+-------------------------------------------
     0 | D:1      | Querens the Meteoran Fighter began the quest for the Orb.
     0 | D:1      | Reached XP level 1. HP: 19/19 MP: 2/2
    23 | D:1      | Reached XP level 2. HP: 22/26 MP: 3/3
   137 | D:1      | Found a faded altar of an unknown god.
   218 | D:1      | Reached XP level 3. HP: 31/31 MP: 4/4
   405 | D:1      | Found Moatet's Assorted Antiques.
   465 | D:1      | Reached XP level 4. HP: 40/40 MP: 5/5
   477 | D:1      | Glimpsed the power of Zot.
   524 | D:1      | Glimpsed the power of Zot.
  1054 | D:2      | Glimpsed the power of Zot.
  1080 | D:3      | Found a transporter.
  1126 | D:3      | Reached XP level 5. HP: 39/46 MP: 6/6
  1145 | D:3      | Found a transporter.
  1318 | D:3      | Found a sacrificial altar of Ru.
  1464 | D:3      | Noticed Robin
  1476 | D:3      | Killed Robin
  1477 | D:3      | Reached XP level 6. HP: 48/52 MP: 7/7
  1623 | D:3      | Reached skill level 5 in Armour
  1623 | D:3      | Reached skill level 5 in Shields
  1633 | D:3      | Glimpsed the power of Zot.
  1764 | D:4      | Reached XP level 7. HP: 44/60 MP: 8/8
  1814 | D:4      | Reached skill level 5 in Fighting
  1898 | D:4      | Found a staircase to the Ecumenical Temple.
  1917 | Temple   | Entered the Ecumenical Temple
  1998 | Temple   | Became a worshipper of Warmaster Okawaru
  2041 | D:4      | Reached skill level 5 in Axes
  2133 | D:5      | Entered Level 5 of the Dungeon
  2168 | D:5      | Found a hide-covered altar of Uskayaw.
  2190 | D:5      | Found Cuorphe's Distillery.
  2210 | D:5      | Bought a potion of flight for 36 gold pieces
  2210 | D:5      | Bought a potion of curing for 36 gold pieces
  2254 | D:5      | Reached XP level 8. HP: 66/68 MP: 9/9
  2303 | D:5      | Identified the amulet of Bampot {Faith rN++ Dex+3}
  2375 | D:5      | Found Sayfuefa's Armour Boutique.
  2394 | D:5      | Found a glowing silver altar of Zin.
  2478 | D:6      | Found an ornate altar of the Wu Jian Council.
  2533 | D:6      | Reached * piety under Okawaru
  2553 | D:6      | Found a stormy altar of Qazlal.
  2553 | D:6      | Found a sparkling altar of Nemelex Xobeh.
  2794 | D:6      | Gained mutation: You passively map the area around you.
                  | [Meteoran growth]
  2794 | D:6      | Reached XP level 9. HP: 75/75 MP: 10/10
  2829 | D:6      | Reached ** piety under Okawaru
  2941 | D:6      | Noticed a komodo dragon
  2959 | D:6      | Killed a komodo dragon
  3090 | D:6      | Found a glowing drain.
  3094 | Sewer    | Entered a sewer
  3334 | Sewer    | Got the Catalogue of Floating Black Magic
  3481 | D:7      | Reached *** piety under Okawaru
  3484 | D:7      | Reached XP level 10. HP: 12/86 MP: 11/13
  3508 | D:7      | Found a runed translucent door.
  3510 | D:7      | Noticed raistware's ghost (novice HuCj)
  3510 | D:7      | Noticed a five-headed hydra
  3604 | D:7      | Found a shimmering blue altar of Sif Muna.
  3784 | D:7      | Found a shimmering altar of Xom.
  3989 | D:8      | Found Pieh's Magic Scroll Shop.
  3992 | D:8      | Bought a scroll of noise for 10 gold pieces
  3992 | D:8      | Bought a scroll of identify for 20 gold pieces
  3992 | D:8      | Bought a scroll of torment for 75 gold pieces
  3992 | D:8      | Bought a scroll of poison for 35 gold pieces
  3992 | D:8      | Bought a scroll of blinking for 75 gold pieces
  3992 | D:8      | Bought a scroll of teleportation for 30 gold pieces
  3992 | D:8      | Bought a scroll of teleportation for 30 gold pieces
  4163 | D:8      | Reached skill level 5 in Invocations
  4195 | D:8      | Reached **** piety under Okawaru
  4699 | D:9      | Noticed Maurice
  4763 | D:9      | Noticed Erica
  4802 | D:9      | Killed Erica
  4803 | D:9      | Reached XP level 11. HP: 27/95 MP: 16/16
  4831 | D:9      | Found a bloodstained altar of Trog.
  5128 | D:9      | Found a radiant altar of Vehumet.
  5136 | D:9      | Noticed a red ugly thing
  5151 | D:9      | Slain by a red ugly thing

Illustrated notes

Levels and vault maps discovered:
D:1:      beargit_arrival_greenhouse, layout_basic, serial_shops, shop,
          hellmonk_ecumenical_altar_arch_garden, nicolae_grassy_gnolls
D:2:      layout_basic, serial_rivers, chequers_serial_rivers_small_3,
          chequers_serial_rivers_micro_b, chequers_serial_rivers_micro_b,
          chequers_serial_rivers_room_a, minmay_pentomino_s2
D:3:      gammafunk_steamed_eel, layout_loops_ring, mainiacjoe_overflow_paths,
          serial_glass, glass_columns_a, glass_columns_b, glass_columns_c,
          glass_columns_b, glass_columns_a, glass_columns_c, glass_columns_a,
          glass_columns_a, minivault_5, uniq_robin
D:4:      layout_rooms, minmay_temple_entry_mist
D:5:      layout_rooms, nicolae_overflow_crystal_walls, kennysheep_mini,
          serial_shops, shop, shop, minivault_25
D:6:      layout_loops_ring, nzn_wu_jian_contemplation, jmf_multi_god_temple,
          gup_sewer_entry_spiral, minivault_14
D:7:      layout_rooms, led_sif_book, mainiacjoe_overflow_brackets,
          ebering_ghost_inner_flame
D:8:      layout_loops_ring, serial_shops, shop
D:9:      layout_stronghold, mainiacjoe_overflow_tiny_flanked,
          gammafunk_temple_overflow_forgotten, nicolae_vehumet_altar_sigil,
          uniq_erica, uniq_maurice
Temple:   kb_temple_of_zot

Skill      XL: |  1  2  3  4  5  6  7  8  9 10 |
---------------+-------------------------------+-----
Axes           | 3 4 5 6 7 9 |  9.2
Armour         | 4 5 6 7 8 9 |  9.6
Shields        | 4 5 6 8 9 |  9.5
Fighting       | 4 5 6 7 8 |  8.7
Invocations    | 3 6 |  6.6

Action                   |  1- 3 |  4- 6 |  7- 9 | 10-12 || total
-------------------------+-------+-------+-------+-------++-------
Melee: War axe           |    58 |   137 |   346 |   250 ||   791
Invok: Heroism           |       |       |     2 |    11 ||    13
Evoke: Wand              |       |     5 |     2 |     3 ||    10
  Use: Potion            |       |       |     3 |     5 ||     8
       Scroll            |       |       |       |     9 ||     9
 Stab: Paralysed         |       |       |     5 |     2 ||     7
Armor: Scale mail        |    26 |       |       |       ||    26
       Chain mail        |     5 |    83 |   277 |   134 ||   499
       Plate armour      |       |       |       |    29 ||    29
Dodge: Dodged            |    24 |    59 |   138 |   114 ||   335
Block: Buckler           |    19 |    30 |   131 |   104 ||   284

Table legend: (Time is in decaauts)
 A = Elapsed time spent in this place.
 B = Non-inter-level travel time spent in this place.
 C = Inter-level travel time spent in this place.
 D = Time resting spent in this place.
 E = Time spent auto-exploring this place.
 F = Levels seen in this place.
 G = Mean time per level.
                   A        B        C        D        E       F      G
               +--------+--------+--------+--------+--------+-----+--------+
         Total |   5393 |   4889 |    504 |      0 |     32 |  11 |  490.3 |
       Dungeon |   4954 |   4477 |    477 |      0 |      0 |   9 |  550.4 |
        Temple |    109 |     82 |     27 |      0 |     32 |   1 |  109.0 |
         Sewer |    329 |    329 |      0 |      0 |      0 |   1 |  329.0 |
               +--------+--------+--------+--------+--------+-----+--------+

Top non-repeatable levels by time:
     D:6: 770 daAuts
     D:8: 690 daAuts
     D:9: 613 daAuts
     D:3: 596 daAuts
     D:1: 570 daAuts
     D:2: 555 daAuts
     D:7: 416 daAuts
     D:4: 389 daAuts
     D:5: 350 daAuts
   Sewer: 329 daAuts
  Temple: 109 daAuts
